[Event "Early-Titled-Tuesday-Blitz-November-28-2023"]
[Site "Chess.com"]
[Date "2023.11.28"]
[Round "3"]
[White "kuanysh1981"]
[Black "LUISMIGUELOV"]
[Result "1/2-1/2"]
[WhiteElo "2437"]
[BlackElo "2212"]
[TimeControl "180+1"]
[EndTime "8:26:23 PST"]
[Termination "Game drawn by repetition"]

1. e4 c6 2. Nc3 d5 3. Nf3 dxe4 4.
Nxe4 Bg4 5. h3 Bxf3 6. Qxf3 Nd7 7. d4 Ngf6 8. c3 Nxe4 9. Qxe4 Nf6 10. Qf3 e6 11. Bd3 Qd5 12. Qxd5 exd5 13. O-O O-O-O 14. Re1 Bd6 15. Bf5+ Kc7 16. Bg5 Rde8 17. Kf1 Ne4 18. Be3 g6 19. Bg4 f5 20. Bf3 f4 21.
Bc1 h5 22. Bxe4 dxe4 23. Bd2 g5 24. c4 Kd7 25. Bc3 Rh7 26. Rad1 g4 27. c5 Bc7 28.
d5 cxd5 29. Rxd5+ Kc8 30. Rd4 Rhe7 31. Rd5 Rh7 32. Rd4 Rhe7 33. Rd5 Rh7 1/2-1/2

[Event "Early-Titled-Tuesday-Blitz-November-28-2023"]
[Site "Chess.com"]
[Date "2023.11.28"]
[Round "3"]
[White "Eloist"]
[Black "Chemim21"]
[Result "0-1"]
[WhiteElo "2380"]
[BlackElo "2209"]
[TimeControl "180+1"]
[EndTime "8:26:26 PST"]
[Termination "Chemim21 won by resignation"]

1. e4 d5 2. exd5 Qxd5 3. Nc3 Qa5 4. d4 c6 5. Nf3 Nf6 6. Bc4 Bg4 7. h3 Bxf3 8. Qxf3 e6 9. Bd2 Qb6 10. O-O-O Qxd4 11. Bb3 Nbd7 12. g4 h6 13. Be3 Qb4 14. Rd4 Qa5 15. Rhd1 Bc5 16. Ra4 Bxe3+ 17. fxe3 Qc7 18. h4 Ne5 19. Qg3 Nd3+ 0-1

[Event "Early-Titled-Tuesday-Blitz-November-28-2023"]
[Site "Chess.com"]
[Date "2023.11.28"]
[Round "3"]
[White "campochess"]
[Black "Kombinator01"]
[Result "1-0"]
[WhiteElo "2238"]
[BlackElo "2392"]
[TimeControl "180+1"]
[EndTime "8:26:27 PST"]
[Termination "campochess won by resignation"]

1. d4 Nf6 2. Bg5 Ne4 3. h4 c5 4. d5 b5 5. Nd2 Nxd2 6. Qxd2 d6 7. e4 a6 8. a4 b4 9. Bc4 Nd7 10. Nh3 Qc7 11. O-O Ne5 12. Be2 Bxh3 13. gxh3 g6 14. f4 Nd7 15. f5 Bg7 16. c3 Ne5 17. h5 h6 18. Bf4 bxc3 19. bxc3 g5 20. f6 Bxf6 21. Bg3 Qd7 22. Rxf6 exf6 23. Bxe5 fxe5 24. Bg4 Qb7 25. Qf2 Rb8 26. Qf6 Qe7 27. Qxh8+ Qf8 28. Qf6 Qe7 29. Qxh6 Qa7 30. c4 Rb2 31. Rf1 Qb7 32.
Qxd6 Qb3 33. Bd7+ Kd8 34. Be6+ Ke8 35. Qd7+ 1-0

[Event "Early-Titled-Tuesday-Blitz-November-28-2023"]
[Site "Chess.com"]
[Date "2023.11.28"]
[Round "3"]
[White "marvinguevara"]
[Black "AjedrezenMadrid"]
[Result "0-1"]
[WhiteElo "2135"]
[BlackElo "2377"]
[TimeControl "180+1"]
[EndTime "8:26:27 PST"]
[Termination "AjedrezenMadrid won by checkmate"]

1. e4 c5 2. Nf3 e6 3. d4 cxd4 4. Nxd4 Nc6 5. Nc3 Qc7 6. Be3 a6 7. Qd2 Nf6 8. f3 Be7 9. Be2 b5 10. a3 Bb7 11. Nxc6 Bxc6 12. O-O O-O 13. Bf4 d6 14.
Bg3 a5 15. b4 Nd7 16. Kh1 axb4 17. axb4 Ne5 18. Nxb5 Bxb5 19. Bxb5 Rxa1 20. Rxa1 Rb8 21. Bxe5 dxe5 22. c4 h5 23. Rd1 Rd8 24. Qc2 Rxd1+ 25.
Qxd1 Bxb4 26. g3 Qa7 27. Kg2 Qa2+ 28. Kh3 Qf2 29. Qh1 g5 30. g4 hxg4+ 31. Kxg4 Qh4# 0-1

[Event "Early-Titled-Tuesday-Blitz-November-28-2023"]
[Site "Chess.com"]
[Date "2023.11.28"]
[Round "3"]
[White "KorolDimitriy75"]
[Black "RoelandPruijssers"]
[Result "1-0"]
[WhiteElo "2341"]
[BlackElo "2697"]
[TimeControl "180+1"]
[EndTime "8:26:35 PST"]
[Termination "KorolDimitriy75 won by checkmate"]

1. d4 d5 2. c4 e6 3. Nc3 Nf6 4. Bg5 dxc4 5. e4 h6 6. Bxf6 Qxf6 7. Bxc4 b6 8. Nf3 Bb7 9. O-O g6 10. e5 Qe7 11. d5 Qc5 12. Bb3 exd5 13. Nxd5 Bxd5 14. Bxd5 c6 15. Bb3 Qe7 16. e6 f5 17.
Ne5 Rg8 18. Rc1 Qd6 19. e7 Bxe7 20. Bxg8 Qxe5 21. Re1 Qxb2 22. Qd6 Qg7 23. Rcd1 Kf8 24. Qd8+ Bxd8 25. Rxd8# 1-0

[Event "Early-Titled-Tuesday-Blitz-November-28-2023"]
[Site "Chess.com"]
[Date "2023.11.28"]
[Round "3"]
[White "dropstoneDP"]
[Black "GmSergioBarrientos"]
[Result "1/2-1/2"]
[WhiteElo "2962"]
[BlackElo "2671"]
[TimeControl "180+1"]
[EndTime "8:26:37 PST"]
[Termination "Game drawn by agreement"]

1. e4 c5 2. Nf3 e6 3. d4 cxd4 4. Nxd4 a6 5. h3 Nc6 6. Nxc6 bxc6 7. Bd3 d5 8. O-O Bd6 9. c4 Ne7 10. Nc3 d4 11. Ne2 e5 12. f4 exf4 13. Bxf4 Ng6 14. Bxd6 Qxd6 15. c5 Qxc5 16. Rc1 Qd6 17. Bc4 O-O 18.
Qxd4 Qe7 19. Bb3 Bd7 20. Nf4 Ne5 21. Nd3 Nxd3 22. Qxd3 a5 23. Qd4 Rad8 24. Qc5 Qxe4 25. Qxa5 Be6 26. Bxe6 fxe6 27. Qc5 Rxf1+ 28. Rxf1 h6 29.
Qf2 Rd3 30. Re1 Qd5 31. Qe2 Kf7 32. Rf1+ Kg8 33. Re1 Rd2 34. Qxe6+ Qxe6 35. Rxe6 Rxb2 36. Rxc6 Rxa2 1/2-1/2

[Event "Early-Titled-Tuesday-Blitz-November-28-2023"]
[Site "Chess.com"]
[Date "2023.11.28"]
[Round "3"]
[White "tandercat"]
[Black "Me_ch_an"]
[Result "1-0"]
[WhiteElo "2075"]
[BlackElo "2338"]
[TimeControl "180+1"]
[EndTime "8:26:41 PST"]
[Termination "tandercat won by resignation"]

1. d4 d5 2. c4 dxc4 3. e4 e5 4.
Nf3 exd4 5. Bxc4 Bb4+ 6. Nbd2 Qf6 7. O-O Ne7 8. e5 Qg6 9. Nb3 O-O 10. Bd3 Bf5 11. Nh4 Qg4 12. Nxf5 Qxd1 13. Nxe7+ Bxe7 14. Rxd1 Nc6 15. Bf4 a5 16. Be4 a4 17. Nxd4 Nxd4 18.
Rxd4 c6 19. a3 Rfd8 20. Rad1 g5 21. Rxd8+ Bxd8 22. Be3 h6 23. g3 Bc7 24. f4 Re8 25.
Rd7 1-0

[Event "Early-Titled-Tuesday-Blitz-November-28-2023"]
[Site "Chess.com"]
[Date "2023.11.28"]
[Round "3"]
[White "wqws"]
[Black "MeesvanOsch"]
[Result "1-0"]
[WhiteElo "2591"]
[BlackElo "2415"]
[TimeControl "180+1"]
[EndTime "8:26:46 PST"]
[Termination "wqws won by resignation"]

1. e4 e6 2. d4 d5 3. Nc3 Nf6 4. Bg5 Bb4 5. e5 h6 6. Bd2 Bxc3 7. bxc3 Ne4 8. Qg4 Kf8 9. Nf3 Nxd2 10. Kxd2 c5 11. Bd3 c4 12. Be2 Nc6 13. h4 Bd7 14. Rhb1 Rb8 15. Qf4 b5 16. a3 a5 17. g4 Qe7 18. g5 hxg5 19. hxg5 Ke8 20. Rh1 Rxh1 21. Rxh1 Kd8 22. Rh7 Be8 23. Rxg7 Qxa3 24. Qf6+ Ne7 25. g6 b4 26. Ke3 Qc1+ 27. Nd2 bxc3 28. gxf7 Bxf7 29. Rxf7 Qxd2+ 30. Kf3 Rb7 31. Qxe6 Ke8 32. Rh7 Qg5 33. Rh8+ 1-0

[Event "Early-Titled-Tuesday-Blitz-November-28-2023"]
[Site "Chess.com"]
[Date "2023.11.28"]
[Round "3"]
[White "Felix-Rose"]
[Black "dianamirza"]
[Result "1-0"]
[WhiteElo "2349"]
[BlackElo "1995"]
[TimeControl "180+1"]
[EndTime "8:26:47 PST"]
[Termination "Felix-Rose won by resignation"]

1. e4 c5 2. Nf3 e6 3. d4 cxd4 4. Nxd4 a6 5. Nc3 Qc7 6. Bd3 Bb4 7. Bd2 Nf6 8. O-O O-O 9. Qe2 Nc6 10. Nxc6 dxc6 11.
e5 Nd5 12. Qe4 f5 13. exf6 Rxf6 14. Nxd5 exd5 15. Qxb4 Bf5 16. Bxf5 Rxf5 17. Rae1 Raf8 18. Re7 Qd8 19. Qxb7 R8f7 20. Rxf7 Rxf7 21. Qxc6 1-0

[Event "Early-Titled-Tuesday-Blitz-November-28-2023"]
[Site "Chess.com"]
[Date "2023.11.28"]
[Round "3"]
[White "LeoLV10"]
[Black "ideika"]
[Result "1-0"]
[WhiteElo "2532"]
[BlackElo "2156"]
[TimeControl "180+1"]
[EndTime "8:26:51 PST"]
[Termination "LeoLV10 won by resignation"]

1. e4 c5 2. Nf3 e6 3. d4 cxd4 4. Nxd4 Nf6 5. Nc3 Nc6 6. Nxc6 bxc6 7. e5 Nd5 8. Ne4 Qc7 9. f4 Qb6 10. c4 Bb4+ 11. Ke2 f5 12. Ng3 Ne7 13. a3 Bc5 14.
b4 Bd4 15. c5 Bxc5 16. bxc5 Qxc5 17. Be3 Qa5 18. Kf2 O-O 19. Bc4 Ba6 20. Bxa6 Qxa6 21.
Qxd7 Nd5 22. Qxe6+ Kh8 23. Rhd1 Rae8 24. Qd6 Qa4 25.
Rd4 Qc2+ 26. Rd2 Qc3 27. Re1 Nxe3 28. Rxe3 Qc1 29. Red3 1-0

[Event "Early-Titled-Tuesday-Blitz-November-28-2023"]
[Site "Chess.com"]
[Date "2023.11.28"]
[Round "3"]
[White "Kislov_Oleg"]
[Black "carloseduar100"]
[Result "1-0"]
[WhiteElo "2559"]
[BlackElo "2302"]
[TimeControl "180+1"]
[EndTime "8:26:54 PST"]
[Termination "Kislov_Oleg won by checkmate"]

1. d4 d5 2. Bf4 e6 3. Nf3 Bd6 4. Bg3 Nf6 5. e3 Nbd7 6. Nbd2 O-O 7. c3 Qe7 8. Ne5 Re8 9. Bd3 Nf8 10. O-O N6d7 11. f4 f6 12. Nef3 c6 13. e4 e5 14. fxe5 fxe5 15. exd5 exd4 16. Re1 Bxg3 17. Rxe7 Rxe7 18. hxg3 dxc3 19. dxc6 cxd2 20. cxd7 Bxd7 21.
Qxd2 Bc6 22. Re1 Rxe1+ 23. Qxe1 h6 24. Bc4+ Kh8 25. Qe7 Re8 26. Qf7 Nh7 27. Nh4 Ng5 28.
Ng6+ Kh7 29. Nf8+ Kh8 30. Qg8# 1-0

[Event "Early-Titled-Tuesday-Blitz-November-28-2023"]
[Site "Chess.com"]
[Date "2023.11.28"]
[Round "3"]
[White "talaicito"]
[Black "UK_23"]
[Result "1-0"]
[WhiteElo "2217"]
[BlackElo "2386"]
[TimeControl "180+1"]
[EndTime "8:26:55 PST"]
[Termination "talaicito won by resignation"]

1. d4 d5 2. Nc3 Nf6 3. Bf4 e6 4. e3 Bb4 5. Bd3 c5 6. dxc5 Nbd7 7. Ne2 Nxc5 8. O-O Nxd3 9. cxd3 O-O 10. a3 Be7 11.
Qb3 Nd7 12. Rac1 Nc5 13. Qc2 a5 14. d4 Na6 15. Qb3 Bd6 16. Na4 Bxf4 17. Nxf4 Bd7 18.
Nb6 Rb8 19. Nd3 Bc6 20. Ne5 Qd6 21. Qd3 f6 22. Nxc6 bxc6 23. Qxa6 Qc7 24. Na4 Rxb2 25. Nxb2 1-0

[Event "Early-Titled-Tuesday-Blitz-November-28-2023"]
[Site "Chess.com"]
[Date "2023.11.28"]
[Round "3"]
[White "Kaua18"]
[Black "kai_nov"]
[Result "1-0"]
[WhiteElo "2544"]
[BlackElo "2247"]
[TimeControl "180+1"]
[EndTime "8:26:56 PST"]
[Termination "Kaua18 won by resignation"]

1. e4 c5 2. Nf3 Nc6 3. Bb5 g6 4. O-O Bg7 5. Re1 e5 6. c3 Nge7 7. d4 cxd4 8. cxd4 Nxd4 9. Nxd4 exd4 10. Bf4 O-O 11. Bd6 Re8 12. Nd2 Qb6 13. Bxe7 Qxb5 14.
Bd6 Qxb2 15. e5 d3 16. Ne4 Qd4 17. Nf6+ Bxf6 18. exf6 Rxe1+ 19. Qxe1 Qxd6 20. Qe7 Qa3 21. Qxa3 1-0

[Event "Early-Titled-Tuesday-Blitz-November-28-2023"]
[Site "Chess.com"]
[Date "2023.11.28"]
[Round "3"]
[White "Kostukov_Alex"]
[Black "alvarorodriguezavila"]
[Result "1-0"]
[WhiteElo "2407"]
[BlackElo "2215"]
[TimeControl "180+1"]
[EndTime "8:26:59 PST"]
[Termination "Kostukov_Alex won by resignation"]

1. g3 e5 2. Bg2 d5 3. c4 d4 4. d3 c5 5. Nf3 Nc6 6. O-O Be7 7. e3 h6 8. exd4 exd4 9. Re1 Nf6 10. Ne5 O-O 11. Bxc6 Bd6 12. Bg2 Re8 13. Nf3 Bg4 14.
h3 Rxe1+ 15. Qxe1 Bf5 16. Qd1 Qd7 17. g4 Bh7 18. Bf1 Nxg4 19. hxg4 Qxg4+ 20. Bg2 Re8 21. Nbd2 Bxd3 22. Nf1 Be2 23. Qb3 d3 24. Qxb7 Re4 25.
N3h2 1-0

[Event "Early-Titled-Tuesday-Blitz-November-28-2023"]
[Site "Chess.com"]
[Date "2023.11.28"]
[Round "3"]
[White "ammarzooqi"]
[Black "nindjaxx8"]
[Result "1-0"]
[WhiteElo "2350"]
[BlackElo "2460"]
[TimeControl "180+1"]
[EndTime "8:27:04 PST"]
[Termination "ammarzooqi won by resignation"]

1. e4 e6 2. d4 d5 3. e5 c5 4.
dxc5 Bxc5 5. Qg4 Ne7 6. Bd3 Nbc6 7. Nf3 Ng6 8. Bf4 Qb6 9. O-O Qxb2 10. Nbd2 Qb4 11.
c4 dxc4 12. Nxc4 Bd7 13. Rab1 Qc3 14. Rb3 h5 15. Qg5 Be7 16. Qg3 h4 17. Qg4 Ncxe5 18. Nfxe5 Nxe5 19. Bxe5 f5 20. Qg6+ Kd8 21. Bxc3 1-0

[Event "Early-Titled-Tuesday-Blitz-November-28-2023"]
[Site "Chess.com"]
[Date "2023.11.28"]
[Round "3"]
[White "DenisQ"]
[Black "stollenmonster"]
[Result "1-0"]
[WhiteElo "2666"]
[BlackElo "2879"]
[TimeControl "180+1"]
[EndTime "8:27:05 PST"]
[Termination "DenisQ won by resignation"]

1. Nf3 Nf6 2. c4 e6 3. g3 d5 4. Bg2 Be7 5. O-O O-O 6. d4 Ne4 7. Nc3 f5 8. Ne5 c6 9. Nxe4 dxe4 10. f3 exf3 11. exf3 Nd7 12. f4 Nxe5 13. dxe5 Bc5+ 14. Kh1 Qe7 15. Qe2 Bd7 16. Be3 Rfd8 17. Rad1 Be8 18. Bf3 a5 19. Bd2 Bd4 20. Bc1 Qc5 21. Rd2 Rd7 22. Rfd1 Rad8 23. b3 h6 24. Kg2 g5 25.
h3 Qb4 26. Rd3 c5 27. fxg5 b5 28. Bd2 Qa3 29. Bc1 Qb4 30. a3 bxc4 31. axb4 cxd3 32.
Rxd3 axb4 33. Bh5 Ra7 34. Bxe8 Rxe8 35. gxh6 Kh7 36. Be3 Rd8 37. Bxd4 cxd4 38. h4 Rc7 39.
Qh5 Rdd7 40. Qg5 Rc2+ 41. Kh3 Rc3 42. Rxc3 bxc3 43. h5 1-0

[Event "Early-Titled-Tuesday-Blitz-November-28-2023"]
[Site "Chess.com"]
[Date "2023.11.28"]
[Round "3"]
[White "Tartody"]
[Black "sumopork"]
[Result "1-0"]
[WhiteElo "2600"]
[BlackElo "2825"]
[TimeControl "180+1"]
[EndTime "8:27:08 PST"]
[Termination "Tartody won by resignation"]

1. Nf3 g6 2. h4 Nf6 3. e4 Nxe4 4. h5 Bg7 5. Nc3 d5 6. h6 Bf6 7. d3 Nxc3 8. bxc3 c5 9. d4 Nc6 10.
Bb5 Qa5 11. Bxc6+ bxc6 12. O-O Qxc3 13. Bd2 Qc4 14. Re1 Bg4 15. c3 O-O 16. Rc1 Qxa2 17. Bf4 a5 18. Be5 a4 19. Qd3 Qc4 20. Qe3 Bxf3 21.
Bxf6 exf6 22. Qe7 1-0

[Event "Early-Titled-Tuesday-Blitz-November-28-2023"]
[Site "Chess.com"]
[Date "2023.11.28"]
[Round "3"]
[White "Meri-Arabidze"]
[Black "Herman-NY"]
[Result "1-0"]
[WhiteElo "2686"]
[BlackElo "2499"]
[TimeControl "180+1"]
[EndTime "8:27:09 PST"]
[Termination "Meri-Arabidze won by resignation"]

1. Nf3 Nf6 2. b3 g6 3. Bb2 Bg7 4. g3 c5 5. Bg2 O-O 6. O-O Nc6 7. c4 d6 8. e3 e5 9. d4 exd4 10. exd4 Ne8 11. Na3 Bg4 12. Nc2 Nc7 13. Rb1 d5 14. dxc5 dxc4 15. Bxg7 Kxg7 16. bxc4 Qc8 17. Ne3 Rd8 18.
Qc1 Bxf3 19. Bxf3 Ne6 20. Qb2+ Ned4 21. Bd5 Kg8 22. Qxb7 Qxb7 23. Rxb7 Ne5 24. Kg2 Rd7 1-0

[Event "Early-Titled-Tuesday-Blitz-November-28-2023"]
[Site "Chess.com"]
[Date "2023.11.28"]
[Round "3"]
[White "TimGrutter03"]
[Black "ViktoriyaTarasova"]
[Result "1-0"]
[WhiteElo "2569"]
[BlackElo "2365"]
[TimeControl "180+1"]
[EndTime "8:27:11 PST"]
[Termination "TimGrutter03 won by resignation"]

1. b3 e5 2. Bb2 Nc6 3. e3 d5 4. Bb5 Bd6 5. Nf3 f6 6. c4 Ne7 7. cxd5 Nxd5 8. Nc3 Ne7 9. d4 exd4 10. Nxd4 Bd7 11.
Bd3 Ne5 12. Bc2 a6 13. Qd2 O-O 14. O-O-O f5 15. f4 N5g6 16. h4 Nc6 17. h5 Nge7 18.
h6 g6 19. Nce2 Qe8 20. Nxc6 Nxc6 21. Qc3 Kf7 22. Qf6+ 1-0

[Event "Early-Titled-Tuesday-Blitz-November-28-2023"]
[Site "Chess.com"]
[Date "2023.11.28"]
[Round "3"]
[White "Igor_Lysyj"]
[Black "Fore_Man"]
[Result "1-0"]
[WhiteElo "2832"]
[BlackElo "2376"]
[TimeControl "180+1"]
[EndTime "8:27:12 PST"]
[Termination "Igor_Lysyj won by resignation"]

1. d4 d5 2. c4 e6 3. Nf3 Nf6 4. g3 Be7 5. Bg2 O-O 6. O-O c6 7. Qc2 b6 8. Rd1 Bb7 9. b3 Nbd7 10. Nc3 Qc8 11. Bb2 c5 12. cxd5 Nxd5 13. Nxd5 Bxd5 14. e4 Bb7 15. d5 exd5 16. exd5 Bf6 17. Bh3 Bxb2 18. Qxb2 Qd8 19. Bg2 Qf6 20. Qxf6 Nxf6 21. Ne5 Rad8 22. d6 Bxg2 23. Kxg2 Rfe8 24. f4 Ne4 25. d7 Re6 26. Kf3 Ng5+ 27. Kg2 f6 28.
fxg5 fxe5 29. Rd5 Kf7 30. Kf3 Ke7 31. Rad1 Kf7 32. Ke4 Kg6 33. Rxe5 1-0

[Event "Early-Titled-Tuesday-Blitz-November-28-2023"]
[Site "Chess.com"]
[Date "2023.11.28"]
[Round "3"]
[White "HATilay"]
[Black "Kapitan_Bayan"]
[Result "1-0"]
[WhiteElo "2497"]
[BlackElo "2280"]
[TimeControl "180+1"]
[EndTime "8:27:12 PST"]
[Termination "HATilay won by resignation"]

1. d4 d5 2. c4 e6 3. Nf3 Nf6 4. g3 dxc4 5. Bg2 a6 6. O-O Nc6 7. Be3 Rb8 8. Nfd2 Nxd4 9. Nxc4 Nf5 10. Bf4 Bd7 11. e4 Nd6 12. Nxd6+ cxd6 13. e5 dxe5 14.
Bxe5 Rc8 15. Bxb7 Rc5 16. Bd4 Rh5 17. Bxf6 Qa5 18. Bc3 Qg5 19. Nd2 Bc5 20. Ne4 Qf5 21. Nxc5 Qxc5 22. Qd4 Qf5 23. Bg2 f6 24. Rad1 O-O 25.
Qxd7 Qg6 26. Qxe6+ Kh8 27. Rfe1 Qh6 28. Qf7 1-0

[Event "Early-Titled-Tuesday-Blitz-November-28-2023"]
[Site "Chess.com"]
[Date "2023.11.28"]
[Round "3"]
[White "atbenina64"]
[Black "Msb2"]
[Result "0-1"]
[WhiteElo "2778"]
[BlackElo "3043"]
[TimeControl "180+1"]
[EndTime "8:27:15 PST"]
[Termination "Msb2 won by resignation"]

1. c4 e6 2. Nc3 d5 3. d4 Bb4 4. a3 Bxc3+ 5. bxc3 Nf6 6. e3 c6 7. a4 O-O 8. Bd3 e5 9. dxe5 dxc4 10. exf6 Qxd3 11.
Qxd3 cxd3 12. fxg7 Kxg7 13. Nf3 Na6 14. Ba3 Rd8 15. O-O c5 16. c4 Be6 17. Rfc1 d2 18. Rd1 Bxc4 19. Rxd2 Rxd2 20. Nxd2 Be6 21. Rc1 b6 22. e4 Rd8 23. Bb2+ Kg6 24. Bc3 Rd3 25. f4 f5 26. exf5+ Kxf5 27. g3 Nc7 28. Nf1 Nd5 29. Be5 Ra3 30. h3 h5 31. Rd1 Rxa4 32.
g4+ hxg4 33. Ng3+ Kg6 34. hxg4 Nxf4 35. Rd6 Kf7 36. g5 Nh3+ 37. Kh2 Nxg5 0-1

[Event "Early-Titled-Tuesday-Blitz-November-28-2023"]
[Site "Chess.com"]
[Date "2023.11.28"]
[Round "3"]
[White "inagreV"]
[Black "Chempiblinka"]
[Result "1-0"]
[WhiteElo "2433"]
[BlackElo "2257"]
[TimeControl "180+1"]
[EndTime "8:27:16 PST"]
[Termination "inagreV won on time"]

1. d4 Nf6 2. c4 g6 3. Nc3 Bg7 4. Nf3 d6 5. Bf4 O-O 6. h3 Nbd7 7. e3 Qe8 8. Be2 e5 9. Bh2 c6 10. O-O Qe7 11. Qc2 Re8 12. Rfd1 b6 13. b4 Bb7 14. c5 bxc5 15. bxc5 dxc5 16. dxe5 Nd5 17.
Rab1 Nxe5 18. Nxe5 Nxc3 19. Qxc3 Bc8 20. f4 Bf5 21.
Rbc1 f6 22. Nxc6 Qxe3+ 23. Qxe3 Rxe3 24. Bc4+ Kf8 25. Kf1 Rae8 26. Bg1 Ra3 27. Bxc5+ 1-0

[Event "Early-Titled-Tuesday-Blitz-November-28-2023"]
[Site "Chess.com"]
[Date "2023.11.28"]
[Round "3"]
[White "Cayse"]
[Black "GP9isback23"]
[Result "1-0"]
[WhiteElo "2859"]
[BlackElo "2614"]
[TimeControl "180+1"]
[EndTime "8:27:18 PST"]
[Termination "Cayse won by resignation"]

1. e4 c6 2. Nf3 d5 3. d3 Bg4 4. h3 Bxf3 5. Qxf3 e6 6. g3 Nf6 7. Bg2 Be7 8. O-O O-O 9. Nc3 a5 10. Qe2 Re8 11. f4 d4 12. Nd1 c5 13. Nf2 Nc6 14. g4 a4 15. g5 Nd7 16. Ng4 Rc8 17. h4 b5 18. e5 Nb4 19. Be4 Bf8 20. h5 c4 21. a3 cxd3 22. cxd3 Nd5 23. Rf2 Nc5 24.
g6 fxg6 25. hxg6 h6 26. Rh2 Nb3 27. Bxd5 Qxd5 28. Rxh6 Rxc1+ 29. Rxc1 Nxc1 30. Rh8+ 1-0

[Event "Early-Titled-Tuesday-Blitz-November-28-2023"]
[Site "Chess.com"]
[Date "2023.11.28"]
[Round "3"]
[White "Goryachkina"]
[Black "The_Straightforward_Rook"]
[Result "0-1"]
[WhiteElo "2613"]
[BlackElo "2477"]
[TimeControl "180+1"]
[EndTime "8:27:18 PST"]
[Termination "The_Straightforward_Rook won by resignation"]

1. e4 c6 2. d4 d5 3. Nd2 dxe4 4.
Nxe4 Nf6 5. Nxf6+ exf6 6. Bc4 Bd6 7. Qe2+ Qe7 8. Qxe7+ Kxe7 9. Ne2 Re8 10. O-O Kf8 11. Be3 Be6 12. Bb3 a5 13. Rfe1 a4 14. Bxe6 fxe6 15.
a3 Nd7 16. c4 e5 17. Rad1 Bc7 18. d5 cxd5 19. Rxd5 Nb6 20. Rb5 Nxc4 21. Rc1 Nxe3 22.
Rxc7 Nf5 23. Rbxb7 Red8 24. Nc3 Rac8 25. Rf7+ Kg8 26.
g4 Rxc3 27. bxc3 Rd1+ 28. Kg2 Nh4+ 29. Kg3 Rd3+ 0-1

[Event "Early-Titled-Tuesday-Blitz-November-28-2023"]
[Site "Chess.com"]
[Date "2023.11.28"]
[Round "3"]
[White "crazy_m_attack"]
[Black "grandemestregringo"]
[Result "0-1"]
[WhiteElo "2449"]
[BlackElo "2621"]
[TimeControl "180+1"]
[EndTime "8:27:20 PST"]
[Termination "grandemestregringo won by resignation"]

1. Nf3 f5 2. d4 Nf6 3. c4 g6 4. Nc3 Bg7 5. g3 O-O 6. Bg2 d6 7. O-O Qe8 8. Qb3 Kh8 9. Ng5 Nc6 10. d5 Na5 11. Qb4 b6 12. Nb5 Qd8 13. Nd4 Qd7 14.
Nge6 Rf7 15. Nxg7 Kxg7 16. Ne6+ Kg8 17. Qc3 c6 18. b4 cxd5 19. Ng5 Nxc4 20. Nxf7 Kxf7 21.
Bxd5+ Nxd5 22. Qxc4 Bb7 23. Bb2 Rc8 24. Qd4 e5 25. Qd2 Qb5 26. Rfd1 Ke6 27. e4 fxe4 28. Qg5 e3 29. fxe3 Qe2 30. Rd2 Qxd2 31. Qg4+ Ke7 0-1

[Event "Early-Titled-Tuesday-Blitz-November-28-2023"]
[Site "Chess.com"]
[Date "2023.11.28"]
[Round "3"]
[White "vishwa_vijeta"]
[Black "tacticthunder"]
[Result "1-0"]
[WhiteElo "2533"]
[BlackElo "2779"]
[TimeControl "180+1"]
[EndTime "8:27:21 PST"]
[Termination "vishwa_vijeta won by resignation"]

1. e4 b6 2. d4 Bb7 3. Nc3 e6 4. Nf3 Bb4 5. Bd3 Nf6 6. Qe2 d5 7. exd5 Nxd5 8. Bd2 Nd7 9. O-O N7f6 10. Nxd5 Nxd5 11.
c4 Bxd2 12. cxd5 Bh6 13. Bb5+ Ke7 14. dxe6 fxe6 15. Rfe1 Bd5 16. Bc6 Rf8 17. Qe5 Kf7 18. Bxa8 Qxa8 19. Ng5+ Bxg5 20. Qxg5 Kg8 21. Rac1 Rf6 22.
Rxc7 Rg6 23. Qc1 Bxg2 24. Rc8+ Kf7 25. Qc7+ Kf6 26. Rxa8 1-0

[Event "Early-Titled-Tuesday-Blitz-November-28-2023"]
[Site "Chess.com"]
[Date "2023.11.28"]
[Round "3"]
[White "Zavgorodniy_Sergiy"]
[Black "KuzubovYuriy"]
[Result "1-0"]
[WhiteElo "2697"]
[BlackElo "2862"]
[TimeControl "180+1"]
[EndTime "8:27:22 PST"]
[Termination "Zavgorodniy_Sergiy won by resignation"]

1. e4 c5 2. Nf3 Nc6 3. Bb5 e6 4. b3 Nge7 5. Bb2 a6 6. Bxc6 Nxc6 7. O-O d5 8. exd5 Qxd5 9. Nc3 Qd8 10. Ne4 Bd7 11. Re1 h6 12. d4 cxd4 13. Nxd4 Qc7 14. Nf5 Rh7 15. Qd3 Nb4 16. Ned6+ Kd8 17. Nxf7+ Kc8 18.
N5d6+ Kb8 19. Qxh7 1-0

[Event "Early-Titled-Tuesday-Blitz-November-28-2023"]
[Site "Chess.com"]
[Date "2023.11.28"]
[Round "3"]
[White "Dewarfd"]
[Black "AC_20"]
[Result "0-1"]
[WhiteElo "2117"]
[BlackElo "2372"]
[TimeControl "180+1"]
[EndTime "8:27:22 PST"]
[Termination "AC_20 won by resignation"]

1. d4 Nf6 2. e3 e6 3. Nf3 Be7 4. Bd3 d5 5. O-O c5 6. b3 Nc6 7. a3 O-O 8. Bb2 b6 9. Nbd2 Bb7 10. dxc5 Rc8 11. cxb6 Qxb6 12. c4 Rfd8 13. cxd5 Nxd5 14.
Nc4 Qc7 15. Rc1 Qb8 16. Qe2 a5 17. Nce5 Nxe5 18. Bxe5 Qa8 19. Rxc8 Rxc8 20. Bb2 Nc3 21. Bxc3 Rxc3 22. Bc4 Bxa3 23. Rd1 Bb4 24. Ne1 h6 25. f3 a4 26. Nd3 Ba5 27. Rb1 axb3 28. Bxb3 Ba6 29. Bc2 Qc8 30. Ne1 Bxe2 0-1

[Event "Early-Titled-Tuesday-Blitz-November-28-2023"]
[Site "Chess.com"]
[Date "2023.11.28"]
[Round "3"]
[White "RobertJFischer71"]
[Black "ElDivis"]
[Result "0-1"]
[WhiteElo "2611"]
[BlackElo "2476"]
[TimeControl "180+1"]
[EndTime "8:27:23 PST"]
[Termination "ElDivis won by resignation"]

1. e4 c5 2. Nf3 d6 3. d4 cxd4 4. Nxd4 Nf6 5. Nc3 g6 6. Be3 Bg7 7. f3 O-O 8. g4 Nc6 9. Qd2 Bxg4 10. fxg4 Nxg4 11. Nb3 d5 12. O-O-O d4 13. Nxd4 Nxd4 14. Bxd4 Bh6 15. Qxh6 Nxh6 16. Be3 Qa5 17. Bxh6 Rfc8 18. Nd5 Qxa2 19. Nxe7+ Kh8 20. Nxc8 Rxc8 21. Bd3 Qa1+ 22.
Kd2 Qxb2 23. Rb1 Qd4 24. Rhf1 Qc3+ 25. Ke2 f5 26. Rxb7 fxe4 27. Bxe4 Qc4+ 28. Bd3 Qg4+ 29. Kd2 Qg2+ 30. Kc1 Qxb7 31. Bg5 Qg2 32. Re1 Qxg5+ 0-1

[Event "Early-Titled-Tuesday-Blitz-November-28-2023"]
[Site "Chess.com"]
[Date "2023.11.28"]
[Round "3"]
[White "Journey_to_GrandMaster_YT"]
[Black "Nadeev_Sergey"]
[Result "0-1"]
[WhiteElo "2549"]
[BlackElo "2375"]
[TimeControl "180+1"]
[EndTime "8:27:23 PST"]
[Termination "Nadeev_Sergey won by checkmate"]

1. d4 Nf6 2. Nf3 d5 3. c4 c6 4. Nc3 dxc4 5. a4 Bf5 6. e3 e6 7.
Bxc4 Bb4 8. O-O Nbd7 9. Qe2 O-O 10. e4 Bg6 11. e5 Nd5 12. Nxd5 cxd5 13. Bd3 Nb8 14. Bg5 Be7 15. Bxe7 Qxe7 16. Rfc1 Nc6 17. Rc3 Rac8 18. Rac1 Bxd3 19. Qxd3 Rc7 20. Rc5 Rfc8 21. Qc3 b6 22. Rxc6 Rxc6 23. Qxc6 Rxc6 24. Rxc6 g5 25.
h3 h5 26. g4 hxg4 27. hxg4 Qb4 28. Rc7 Qxa4 29. Nxg5 Qxd4 30. Nxf7 Qxg4+ 31. Kf1 Qd1+ 32. Kg2 d4 33. Nd6 d3 34. Ne8 Qg4+ 35. Kf1 Qe2+ 36. Kg2 Qxe5 37. Rd7 Qe4+ 38. Kf1 Qh1# 0-1